 Dungeon Sprint DCSS version 0.18-b1-16-g289874d (webtiles) character file.

527096 Kidiri the Conqueror (level 21, -33/224 HPs)
             Began as a Minotaur Fighter on May 1, 2016.
             Was the Champion of the Shining One.
             Killed from afar by Lom Lobon (46 damage)
             ... with a great icy blast
             ... in the Dungeon (Sprint IX: "|||||||||||||||||||||||||||||").
             The game lasted 01:04:34 (14999 turns).

Kidiri the Conqueror (Minotaur Fighter)            Turns: 14999, Time: 01:04:35

Health: -33/224    AC: 47    Str: 37 (38) XL:     21   Next: 59%
Magic:  41/48      EV: 19    Int:  2 (5)  God:    the Shining One [******]
Gold:   938        SH: 58    Dex: 11      Spells: 0 memorised, 51 levels left

rFire  + + .     SeeInvis .     a - +2 morningstar of an ice cave {elec, rF+}
rCold  + . .     Gourm    .     p - +5 gold dragon armour
rNeg   + + +     Faith    .     d - +8 large shield of Follow the Leader {+Fly rCorr Str+4 Stlth-}
rPois  +         Spirit   .     (helmet unavailable)
rElec  .         Dismiss  .     K - +2 cloak {rPois}
rCorr  +         Reflect  +     G - +2 pair of gloves
SustAt .         Harm     .     y - +2 pair of boots
MR     +....     NoTele   +     W - amulet of Vanity {Reflect Str+2 SH+5}
Stlth  ..........               z - +6 ring of strength
                                R - ring of Rying {MP+9 AC+3}

@: divine shield, frozen, flying (expiring), very slightly contaminated,
glowing, very slow, somewhat resistant to hostile enchantments, extremely
unstealthy
A: retaliatory headbutt, fangs 1, hooves 1, horns 3, clumsy 1, deterioration 2,
mutation resistance 1, poison resistance, weak 1, MP-powered wands
a: Divine Shield, Cleansing Flame, Summon Divine Warrior, Brand Weapon With Holy
Wrath, Renounce Religion
}: 9/15 runes: decaying, serpentine, barnacled, slimy, elven, silver, golden,
abyssal, gossamer


You were in the Dungeon.
You worshipped the Shining One.
The Shining One was exalted by your worship.
You were not hungry.

You visited 1 branch You collected 1961 gold pieces.
You spent 1023 gold pieces at shops.

Inventory:

Hand Weapons
 a - the +2 morningstar of an ice cave (weapon) {elec, rF+}
   (You found it in the Dungeon)

   Occasionally, upon striking a foe, it will discharge some electrical energy
   and cause terrible harm.
   It protects you from fire.
 L - the +1 morningstar of the Magi {antimagic, Dex+3}
   (Okawaru gifted it to you in the Dungeon)

   It disrupts the flow of magical energy around spellcasters and certain
   magical creatures (including the wielder).
   It affects your dexterity (+3).
Missiles
 T - 20 javelins (quivered)
Armour
 d - the +8 large shield of Follow the Leader (worn) {+Fly rCorr Str+4 Stlth-}
   (You took it off Mennas in the Dungeon)

   It affects your strength (+4).
   It lets you fly.
   It protects you from acid and corrosion.
   It makes you less stealthy.
 p - a +5 gold dragon armour (worn)
 y - a +2 pair of boots (worn)
 G - a +2 pair of gloves (worn)
 K - a +2 cloak of poison resistance (worn)
Jewellery
 z - a +6 ring of strength (right hand)
 R - the ring of Rying (left hand) {MP+9 AC+3}
   (You found it in the Dungeon)

   [ring of protection]

   It affects your AC (+3).
   It affects your magic capacity (+9).
 U - the ring of Hiohaum {rElec MR- EV-3 Int+5}
   (You found it in the Dungeon)

   [ring of evasion]

   It affects your evasion (-3).
   It affects your intelligence (+5).
   It insulates you from electricity.
   It affects your resistance to hostile enchantments.
 W - the amulet of Vanity (around neck) {Reflect Str+2 SH+5}
   (You found it in the Dungeon)

   [amulet of reflection]

   It shields you and reflects attacks.
   It affects your strength (+2).
   It affects your SH (+5).
Wands
 o - a wand of iceblast (7/15)
 B - a wand of hasting (5/9)
Scrolls
 m - 9 scrolls of remove curse
 n - 2 scrolls of amnesia
 s - 4 scrolls of fear
 t - 3 scrolls of recharging
 u - a scroll of fog
 I - 8 scrolls of enchant weapon
 J - 3 scrolls of identify
Potions
 e - a potion of curing
 h - 4 potions of haste
 i - 3 potions of magic
 l - 3 potions of brilliance
 q - 3 potions of might
 D - 3 potions of berserk rage
 F - a potion of resistance
 H - 3 potions of agility
Comestibles
 f - 12 bread rations
 w - 3 fruits
 x - 12 meat rations


   Skills:
 O Level 27 Fighting
 O Level 27 Maces & Flails
 O Level 27 Throwing
 O Level 27 Armour
 O Level 27 Dodging
 + Level 19.3 Stealth
 O Level 27 Shields
 + Level 22.2 Unarmed Combat
 + Level 15.5 Spellcasting
 O Level 27 Invocations
 O Level 27 Evocations


You had 51 spell levels left.
You didn't know any spells.

Dungeon Overview and Level Annotations

Branches:
Dungeon (1/1)

Altars:
Cheibriados
Dithmenos
Elyvilon
Fedhas
Gozag
Kikubaaqudgha
Makhleb
Nemelex Xobeh
Okawaru
Pakellas
Qazlal
Ru
Sif Muna
Trog
Vehumet
Xom
Yredelemnul
Zin
The Shining One
Beogh
Jiyva
Lugonu

Shops:
D [([[

Annotations:
D Dispater, Lom Lobon, Mnoleg


Innate Abilities, Weirdness & Mutations

You reflexively headbutt those who attack you in melee.
You have a pair of large horns on your head.
You have very sharp teeth.
You have large cloven feet.
You are clumsy. (Dex -2)
Your body often deteriorates upon taking damage.
You are somewhat resistant to further mutation.
Your system is resistant to poisons.
You are weak. (Str -2)
You expend magic power (3 MP) to strengthen your wands.


Message History

Your headbutt misses Lom Lobon.
Lom Lobon is moderately wounded.
You are engulfed in freezing vapours.
You resist. Lom Lobon gestures at you.
Lom Lobon conjures a mighty blast of ice!
The great icy blast engulfs you! You partially resist.
* * * LOW HITPOINT WARNING * * *
Your body deteriorates!
You feel dopey.
You are encased in ice.
Evoke which item? (* to show all) (? for menu, Esc to quit)
Okay, then.
Unknown command.
Unknown command.
Unknown command.
Drink which item? (? for menu, Esc to quit)
You feel better.
You are engulfed in freezing vapours.
You resist.
* * * LOW HITPOINT WARNING * * *
Lom Lobon gestures at you.
Lom Lobon conjures a mighty blast of ice!
The great icy blast engulfs you! You partially resist.
You die...

.▓(▓.▓.▓.▓.▓.▓.▓(▓&▓
.▓)▓.▓'▓.▓)▓.▓.▓(▓.▓
.▓(▓.▓.▓.▓)▓.▓.▓(▓.▓
.▓.▓.▓.▓.▓.▓.▓.▓(▓.▓
.▓.▓.▓.▓.▓.▓.▓.▓.▓.▓
.▓[▓.▓.▓.▓.▓.▓.▓(▓.▓
.▓.▓.▓.▓.▓.▓.▓.▓§▓.▓
.▓)▓.▓.▓.♣)♣.▓.▓&▓.▓
.▓)▓.▓.▓.♣)♣.▓.▓@▓.▓
.▓)▓.▓.▓.♣)♣.▓.▓§▓.▓
.▓)▓.▓.▓.♣)♣.▓'▓§▓.▓
.▓)▓.▓.▓.♣)♣.▓.▓§▓.▓
.▓)▓.▓÷▓.♣.♣.▓.▓§▓.▓
.▓.▓.▓)▓.♣)♣.▓.▓§▓.▓
.▓.▓.▓.▓.♣.♣.▓.▓.▓.▓
.▓.▓.▓.▓.♣.♣.▓.▓.▓.▓
.▓.▓.▓.▓.♣.♣.▓.▓.▓.▓


You could see Lom Lobon.

Vanquished Creatures
  the Royal Jelly (D)
  2 orbs of fire (D)
  5 ancient liches (D)
  Mennas (D)
  Mara (D)
  Boris (D)
  7 greater mummies (D)
  Saint Roka (D)
  A Killer Klown (D)
  A curse toe (D)
  Geryon (D)
  Jory (D)
  5 golden dragons (D)
  Nikola (D)
  2 bone dragons (D)
  3 electric golems (D)
  27 Orb Guardians (D)
  8 tentacled monstrosities (D)
  2 titans (D)
  4 deep elf blademasters (D)
  A deep elf master archer (D)
  14 acid blobs (D)
  12 sphinxes (D)
  A death cob (D)
  Agnes (D)
  5 storm dragons (D)
  5 shadow dragons (D)
  4 greater nagas (D)
  5 azure jellies (D)
  Ilsuiw (D)
  A draconian monk (D)
  A fire giant (D)
  2 draconian knights (D)
  4 emperor scorpions (D)
  2 ghost moths (D)
  2 vault wardens (D)
  3 frost giants (D)
  Aizul (D)
  A draconian zealot (D)
  2 draconian shifters (D)
  A draconian annihilator (D)
  7 ironheart preservers (D)
  3 very ugly things (D)
  A draconian caller (D)
  10 stone giants (D)
  3 deep elf demonologists (D)
  A green draconian (D)
  2 deep elf annihilators (D)
  11 vampire knights (D)
  3 red draconians (D)
  2 yellow draconians (D)
  3 black draconians (D)
  A spark wasp (D)
  2 purple draconians (D)
  2 ettins (D)
  7 death oozes (D)
  6 fire dragons (D)
  7 merfolk impalers (D)
  5 merfolk javelineers (D)
  5 mummy priests (D)
  3 minotaurs (D)
  25 vault guards (D)
  2 deep elf death magi (D)
  A rakshasa (D)
  An entropy weaver (D)
  4 ice dragons (D)
  2 deep elf high priests (D)
  3 great orbs of eyes (D)
  A merfolk avatar (D)
  Harold (D)
  6 hydras (D)
  5 naga warriors (D)
  A death knight (D)
  2 ogre magi (D)
  3 centaur warriors (D)
  4 merfolk aquamancers (D)
  Urug (D)
  3 tengu warriors (D)
  A deep troll shaman (D)
  2 deep troll earth magi (D)
  A shock serpent (D)
  A thrashing horror (D)
  2 orc high priests (D)
  3 small abominations (D)
  4 deep elf knights (D)
  A shadow wraith (D)
  A hell knight (D)
  An unseen horror (D)
  2 sea snakes (D)
  A spriggan druid (D)
  A deep troll (D)
  A naga ritualist (D)
  7 swamp dragons (D)
  A deep elf archer (D)
  An ironbrand convoker (D)
  A lindwurm (D)
  3 ugly things (D)
  3 wolf spiders (D)
  A manticore (D)
  An orb spider (D)
  7 deep elf magi (D)
  A salamander (shapeshifter) (D)
  A hornet (D)
  8 orc knights (D)
  13 moths of wrath (D)
  A griffon (D)
  A cyclops (D)
  An octopode (shapeshifter) (D)
  3 naga magi (D)
  A siren (D)
  2 black mambas (D)
  3 guardian serpents (D)
  3 vault sentinels (D)
  A torpor snail (D)
  6 spiny frogs (D)
  An eye of devastation (shapeshifter) (D)
  A kobold demonologist (D)
  A komodo dragon (D)
  2 yaktaurs (D)
  3 demonic crawlers (D)
  2 ancient zymes (D)
  A wandering mushroom (D)
  A jumping spider (D)
  12 merfolk (D)
  16 guardian mummies (D)
  3 trolls (D)
  4 giant leeches (D)
  3 slime creatures (D)
  2 bog bodies (D)
  5 redbacks (D)
  11 spriggans (D)
  A shadow (D)
  2 water elementals (D)
  Eustachio (D)
  A tarantella (D)
  A wraith (D)
  2 wyverns (D)
  A fire bat (D)
  2 golden eyes (D)
  A neqoxec (D)
  A basilisk (D)
  A steam dragon (D)
  A chaos spawn (D)
  4 vampire mosquitoes (D)
  3 nagas (D)
  5 water moccasins (D)
  A porcupine (D)
  An eye of draining (shapeshifter) (D)
  18 orc warriors (D)
  2 eyes of draining (D)
  2 ogres (D)
  A wolf (D)
  3 centaurs (D)
  A crocodile (shapeshifter) (D)
  2 crocodiles (D)
  4 giant frogs (D)
  A jelly (D)
  3 orc priests (D)
  An iguana (D)
  3 orc wizards (D)
  An adder (D)
  A white imp (D)
  3 worms (D)
  6 ball lightnings (D)
  A dart slug (D)
  2 giant geckos (D)
  11 orcs (D)
  2 bat skeletons (D)
  A jackal (D)
  2 kobolds (D)
  A bat (D)
  A giant cockroach zombie (D)
  A giant newt (D)
  A quokka zombie (D)
557 creatures vanquished.

Vanquished Creatures (others)
  2 deep elf master archers (D)
  A minotaur (D)
  2 deep elf archers (D)
  6 ball lightnings (D)
11 creatures vanquished.

Grand Total: 568 creatures vanquished

Notes
Turn   | Place    | Note
--------------------------------------------------------------
     0 | D        | Kidiri the Minotaur Fighter began the quest for the Orb.
     0 | D        | Reached XP level 1. HP: 19/19 MP: 0/0
    10 | D        | Reached skill level 1 in Dodging
   124 | D        | Noticed an ogre
   124 | D        | Noticed a centaur
   129 | D        | Reached XP level 2. HP: 25/28 MP: 1/1
   133 | D        | Killed an ogre
   133 | D        | Reached skill level 5 in Maces & Flails
   133 | D        | Reached skill level 5 in Shields
   133 | D        | Reached XP level 3. HP: 37/37 MP: 2/2
   133 | D        | Reached XP level 4. HP: 44/44 MP: 3/3
   136 | D        | Killed a centaur
   136 | D        | Reached skill level 5 in Dodging
   136 | D        | Reached XP level 5. HP: 30/52 MP: 4/4
   148 | D        | Found a glowing silver altar of Zin.
   148 | D        | Found a glowing golden altar of the Shining One.
   148 | D        | Found an ancient bone altar of Kikubaaqudgha.
   148 | D        | Found a basalt altar of Yredelemnul.
   148 | D        | Found a shimmering altar of Xom.
   148 | D        | Found a radiant altar of Vehumet.
   149 | D        | Found an iron altar of Okawaru.
   150 | D        | Found a burning altar of Makhleb.
   151 | D        | Found a deep blue altar of Sif Muna.
   152 | D        | Found a bloodstained altar of Trog.
   153 | D        | Found a sparkling altar of Nemelex Xobeh.
   154 | D        | Found a white marble altar of Elyvilon.
   155 | D        | Found a roughly hewn altar of Beogh.
   156 | D        | Found a viscous altar of Jiyva.
   157 | D        | Became a worshipper of Warmaster Okawaru
   158 | D        | Found a corrupted altar of Lugonu.
   159 | D        | Found a blossoming altar of Fedhas.
   160 | D        | Found a snail-covered altar of Cheibriados.
   161 | D        | Found a shadowy altar of Dithmenos.
   162 | D        | Found a stormy altar of Qazlal.
   163 | D        | Found an opulent altar of Gozag.
   164 | D        | Found a sacrificial altar of Ru.
   165 | D        | Found an oddly glowing altar of Pakellas.
   184 | D        | Got the +2 morningstar of an ice cave {elec, rF+}
   348 | D        | Noticed a centaur
   348 | D        | Noticed a centaur
   352 | D        | Killed a centaur
   352 | D        | Reached skill level 1 in Invocations
   354 | D        | Killed a centaur
   354 | D        | Reached XP level 6. HP: 61/61 MP: 4/6
   360 | D        | Reached * piety under Okawaru
   473 | D        | Noticed a deep elf mage
   473 | D        | Noticed a troll
   473 | D        | Noticed a wyvern
   480 | D        | Killed a deep elf mage
   480 | D        | Reached XP level 7. HP: 70/70 MP: 4/8
   483 | D        | Killed a troll
   483 | D        | Reached ** piety under Okawaru
   483 | D        | Reached XP level 8. HP: 79/79 MP: 5/9
   486 | D        | Reached skill level 10 in Fighting
   486 | D        | Reached skill level 10 in Armour
   486 | D        | Reached skill level 10 in Shields
   686 | D        | Noticed a komodo dragon
   686 | D        | Noticed a spiny frog
   690 | D        | Killed a komodo dragon
   690 | D        | Reached skill level 10 in Maces & Flails
   694 | D        | Noticed a spiny frog
   707 | D        | Reached *** piety under Okawaru
   707 | D        | Reached skill level 5 in Invocations
   715 | D        | Killed a spiny frog
   715 | D        | Reached XP level 9. HP: 74/89 MP: 11/11
   727 | D        | Killed a spiny frog
   727 | D        | Reached skill level 10 in Dodging
  1030 | D        | Noticed a spiny frog
  1030 | D        | Noticed a torpor snail
  1034 | D        | Killed a spiny frog
  1034 | D        | Received a gift from Okawaru
  1037 | D        | Noticed a spiny frog
  1043 | D        | Reached **** piety under Okawaru
  1049 | D        | Killed a torpor snail
  1059 | D        | Killed a spiny frog
  1059 | D        | Reached XP level 10. HP: 63/99 MP: 13/13
  1206 | D        | Noticed a lindwurm
  1215 | D        | Killed a lindwurm
  1215 | D        | Reached skill level 1 in Throwing
  1215 | D        | Reached skill level 1 in Evocations
  1241 | D        | Reached ***** piety under Okawaru
  1517 | D        | Noticed Harold
  1525 | D        | Killed Harold
  1525 | D        | Received a gift from Okawaru
  1539 | D        | Noticed Urug
  1552 | D        | Killed Urug
  1620 | D        | Noticed Eustachio
  1623 | D        | Killed Eustachio
  1847 | D        | Noticed an orc high priest
  1847 | D        | Noticed an orc knight
  1870 | D        | Killed an orc high priest
  1870 | D        | Received a gift from Okawaru
  1870 | D        | Reached XP level 11. HP: 95/108 MP: 8/15
  1871 | D        | Got a shimmering rapier {god gift}
  1874 | D        | Killed an orc knight
  1885 | D        | Noticed an orc high priest
  1888 | D        | Noticed a soul eater
  1889 | D        | Noticed a sun demon
  1913 | D        | Killed an orc high priest
  1943 | D        | Identified the +8 rapier of the Traitor {flame, rF+} (Okawaru gifted it to you in the Dungeon)
  2053 | D        | Found Pibuesk's Antique Armour Emporium.
  2053 | D        | Noticed an orc knight
  2053 | D        | Noticed an orc knight
  2054 | D        | Noticed an orc knight
  2056 | D        | Killed an orc knight
  2057 | D        | Found Guidwycs's Antique Weapon Shoppe.
  2066 | D        | Killed an orc knight
  2073 | D        | Found Fustraoko's Antique Armour Emporium.
  2083 | D        | Killed an orc knight
  2086 | D        | Noticed an orc knight
  2093 | D        | Found Licaink's Antique Armour Shoppe.
  2094 | D        | Noticed an orc knight
  2097 | D        | Killed an orc knight
  2099 | D        | Noticed an orc knight
  2108 | D        | Killed an orc knight
  2119 | D        | Killed an orc knight
  2133 | D        | Reached skill level 5 in Throwing
  2177 | D        | Bought a runed plate armour for 460 gold pieces
  2177 | D        | Bought a runed plate armour for 460 gold pieces
  2312 | D        | Bought a pair of embroidered gloves for 103 gold pieces
  2531 | D        | Noticed a centaur warrior
  2531 | D        | Noticed a cyan ugly thing
  2538 | D        | Killed a centaur warrior
  2549 | D        | Noticed a fire dragon
  2549 | D        | Killed a cyan ugly thing
  2549 | D        | Reached skill level 15 in Fighting
  2549 | D        | Reached skill level 15 in Armour
  2549 | D        | Reached skill level 15 in Shields
  2557 | D        | Noticed a centaur warrior
  2560 | D        | Noticed a deep troll earth mage
  2563 | D        | Received a gift from Okawaru
  2567 | D        | Noticed a stone giant
  2571 | D        | Noticed a deep troll shaman
  2575 | D        | Noticed a centaur warrior
  2579 | D        | Killed a fire dragon
  2580 | D        | Reached skill level 15 in Maces & Flails
  2585 | D        | Killed a centaur warrior
  2585 | D        | Received a gift from Okawaru
  2585 | D        | Reached XP level 12. HP: 77/121 MP: 10/17
  2588 | D        | Killed a deep troll earth mage
  2588 | D        | Reached skill level 5 in Evocations
  2595 | D        | Killed a stone giant
  2601 | D        | Killed a deep troll shaman
  2606 | D        | Killed a centaur warrior
  2637 | D        | Gained mutation: Your mind is acute. (Int +2) [mutagenic meat]
  2638 | D        | Gained mutation: You are agile. (Dex +2) [mutagenic meat]
  2639 | D        | Lost mutation: You are agile. (Dex +2) [mutagenic meat]
  2640 | D        | Gained mutation: You are weak. (Str -2) [mutagenic meat]
  2656 | D        | Lost mutation: You are weak. (Str -2) [potion of cure mutation]
  2656 | D        | Lost mutation: Your mind is acute. (Int +2) [potion of cure mutation]
  2933 | D        | Noticed Aizul
  2950 | D        | Killed Aizul
  3203 | D        | Noticed a spark wasp
  3203 | D        | Noticed an emperor scorpion
  3223 | D        | Killed a spark wasp
  3243 | D        | Killed an emperor scorpion
  3600 | D        | Noticed a naga warrior
  3601 | D        | Noticed a naga warrior
  3611 | D        | Killed a naga warrior
  3619 | D        | Received a gift from Okawaru
  3625 | D        | Noticed a naga warrior
  3638 | D        | Reached skill level 15 in Dodging
  3651 | D        | Killed a naga warrior
  3660 | D        | Killed a naga warrior
  3660 | D        | Reached XP level 13. HP: 59/130 MP: 15/19
  3936 | D        | Reached skill level 10 in Invocations
  4217 | D        | Noticed a vampire knight
  4217 | D        | Noticed a stone giant
  4223 | D        | Received a gift from Okawaru
  4225 | D        | Killed a stone giant
  4227 | D        | Noticed a fire dragon
  4232 | D        | Killed a vampire knight
  4235 | D        | Killed a fire dragon
  4245 | D        | Noticed a stone giant
  4253 | D        | Noticed a stone giant
  4256 | D        | Received a gift from Okawaru
  4257 | D        | Noticed a green very ugly thing
  4268 | D        | Noticed an ettin
  4270 | D        | Killed a stone giant
  4281 | D        | Killed a stone giant
  4292 | D        | Killed a green very ugly thing
  4296 | D        | Reached ****** piety under Okawaru
  4306 | D        | Killed an ettin
  4306 | D        | Reached XP level 14. HP: 115/144 MP: 12/21
  4337 | D        | Gained mutation: You are resistant to hostile enchantments. [mutagenic meat]
  4339 | D        | Gained mutation: You have a pair of large horns on your head. [mutagenic meat]
  4340 | D        | Gained mutation: Your body sometimes deteriorates upon taking damage. [mutagenic meat]
  4341 | D        | Gained mutation: You are frail (-10% HP). [mutagenic meat]
  4344 | D        | Gained mutation: Your body often deteriorates upon taking damage. [mutagenic meat]
  4345 | D        | Gained mutation: You expend magic power (3 MP) to strengthen your wands. [mutagenic meat]
  4346 | D        | Gained mutation: Your system is resistant to poisons. [mutagenic meat]
  4369 | D        | Noticed a vault warden
  4372 | D        | Received a gift from Okawaru
  4377 | D        | Noticed an ironheart preserver
  4384 | D        | Killed a vault warden
  4385 | D        | Noticed an ironheart preserver
  4394 | D        | Noticed an ironheart preserver
  4403 | D        | Received a gift from Okawaru
  4404 | D        | Got a transparent morningstar {god gift}
  4405 | D        | Identified the +1 morningstar of the Magi {antimagic, Dex+3} (Okawaru gifted it to you in the Dungeon)
  4421 | D        | Killed an ironheart preserver
  4422 | D        | Noticed a purple very ugly thing
  4424 | D        | Killed an ironheart preserver
  4430 | D        | Killed an ironheart preserver
  4431 | D        | Noticed a frost giant
  4432 | D        | Noticed a frost giant
  4433 | D        | Noticed a stone giant
  4443 | D        | Killed a purple very ugly thing
  4454 | D        | Killed a frost giant
  4460 | D        | Noticed an ironheart preserver
  4468 | D        | Killed a frost giant
  4489 | D        | Killed a stone giant
  4489 | D        | Received a gift from Okawaru
  4508 | D        | Killed an ironheart preserver
  4508 | D        | Received a gift from Okawaru
  4508 | D        | Reached skill level 10 in Throwing
  4705 | D        | Noticed Boris
  4731 | D        | Noticed Mennas
  4735 | D        | Killed Boris
  4735 | D        | Received a gift from Okawaru
  4794 | D        | Killed Mennas
  4794 | D        | Received a gift from Okawaru
  4794 | D        | Received a gift from Okawaru
  4796 | D        | Got a fine large shield
  4807 | D        | Identified the +8 large shield of Follow the Leader {+Fly rCorr Str+4 Stlth-} (You took it off Mennas in the Dungeon)
  4875 | D        | Noticed Jory
  4888 | D        | Killed Jory
  4888 | D        | Reached XP level 15. HP: 80/140 MP: 0/23
  5246 | D        | Noticed Agnes
  5251 | D        | Killed Agnes
  5251 | D        | Reached skill level 10 in Evocations
  5318 | D        | Noticed Ilsuiw
  5368 | D        | Killed Ilsuiw
  5370 | D        | Got a barnacled rune of Zot
  5442 | D        | Received a gift from Okawaru
  5443 | D        | Got an ancient shield {god gift}
  5483 | D        | Got a decaying rune of Zot
  5495 | D        | Identified the +4 shield "Peri Biu" {rPois rC++ Str+2} (Okawaru gifted it to you in the Dungeon)
  5538 | D        | Noticed a greater naga
  5538 | D        | Noticed a greater naga
  5539 | D        | Noticed a greater naga
  5548 | D        | Killed a greater naga
  5554 | D        | Killed a greater naga
  5559 | D        | Noticed a greater naga
  5560 | D        | Killed a greater naga
  5568 | D        | Killed a greater naga
  5605 | D        | Got a serpentine rune of Zot
  5609 | D        | Gained mutation: You have very sharp teeth. [mutagenic meat]
  5610 | D        | Gained mutation: You are weak. (Str -2) [mutagenic meat]
  5611 | D        | Gained mutation: You are clumsy. (Dex -2) [mutagenic meat]
  5618 | D        | Gained mutation: You have large cloven feet. [mutagenic meat]
  5619 | D        | Lost mutation: You are resistant to hostile enchantments. [mutagenic meat]
  5620 | D        | Lost mutation: You are frail (-10% HP). [mutagenic meat]
  5679 | D        | Killed a ghost moth
  5685 | D        | Killed a ghost moth
  5685 | D        | Received a gift from Okawaru
  5698 | D        | Gained mutation: You are somewhat resistant to further mutation. [mutagenic meat]
  5723 | D        | Reached XP level 16. HP: 169/170 MP: 6/25
  5727 | D        | Got a gossamer rune of Zot
  5851 | D        | Noticed Saint Roka
  5865 | D        | Killed Saint Roka
  5865 | D        | Received a gift from Okawaru
  5913 | D        | Noticed Nikola
  5917 | D        | Noticed Mara
  5925 | D        | Killed Nikola
  5939 | D        | Killed Mara
  6153 | D        | Received a gift from Okawaru
  6185 | D        | Received a gift from Okawaru
  6513 | D        | Noticed an ancient lich
  6525 | D        | Killed an ancient lich
  6525 | D        | Received a gift from Okawaru
  6525 | D        | Received a gift from Okawaru
  6544 | D        | Reached skill level 15 in Invocations
  6557 | D        | Reached XP level 17. HP: 183/183 MP: 23/27
  8315 | D        | Noticed a tentacled monstrosity
  8320 | D        | Killed a tentacled monstrosity
  8355 | D        | Got a silver rune of Zot
  8465 | D        | Got the amulet "Wiol Jik" {Reflect rElec MR+ SH+3}
  8467 | D        | Got the ring of Rying {MP+9 AC+3}
  8469 | D        | Got the ring of Hiohaum {rElec MR- EV-3 Int+5}
  8471 | D        | Got the amulet of Bown {Dismiss Dex+8}
  8473 | D        | Got the amulet of Vanity {Reflect Str+2 SH+5}
 10008 | D        | Fell from the grace of Okawaru
 10008 | D        | Became a worshipper of the Shining One
 11363 | D        | Noticed a golden dragon
 11363 | D        | Noticed a bone dragon
 11363 | D        | Reached * piety under the Shining One
 11363 | D        | Noticed a bone dragon
 11363 | D        | Reached ** piety under the Shining One
 11371 | D        | Killed a golden dragon
 11371 | D        | Killed a bone dragon
 11371 | D        | Reached skill level 15 in Throwing
 11376 | D        | Killed a bone dragon
 11376 | D        | Reached *** piety under the Shining One
 11469 | D        | Noticed a tentacled monstrosity
 11469 | D        | Reached **** piety under the Shining One
 11469 | D        | Noticed a tentacled monstrosity
 11469 | D        | Noticed a golden dragon
 11469 | D        | Noticed a tentacled monstrosity
 11469 | D        | Reached ***** piety under the Shining One
 11475 | D        | Killed a tentacled monstrosity
 11480 | D        | Killed a tentacled monstrosity
 11489 | D        | Killed a golden dragon
 11493 | D        | Killed a tentacled monstrosity
 11686 | D        | Noticed a tentacled monstrosity
 11686 | D        | Noticed a curse toe
 11686 | D        | Reached ****** piety under the Shining One
 11687 | D        | Noticed a tentacled monstrosity
 11705 | D        | Killed a tentacled monstrosity
 11724 | D        | Killed a tentacled monstrosity
 11727 | D        | Killed a curse toe
 11727 | D        | Reached XP level 18. HP: 86/199 MP: 29/29
 12001 | D        | Noticed a golden dragon
 12019 | D        | Killed a golden dragon
 12019 | D        | Reached skill level 27 in Fighting
 12019 | D        | Reached skill level 15 in Evocations
 12020 | D        | Reached skill level 27 in Armour
 12020 | D        | Reached skill level 27 in Shields
 12057 | D        | Noticed a tentacled monstrosity
 12058 | D        | Noticed a golden dragon
 12061 | D        | Reached skill level 27 in Maces & Flails
 12061 | D        | Killed a golden dragon
 12064 | D        | Killed a tentacled monstrosity
 12264 | D        | Noticed an Orb Guardian
 12264 | D        | Noticed an Orb Guardian
 12264 | D        | Noticed an Orb Guardian
 12264 | D        | Noticed an Orb Guardian
 12264 | D        | Noticed an Orb Guardian
 12264 | D        | Noticed an Orb Guardian
 12267 | D        | Noticed an Orb Guardian
 12269 | D        | Killed an Orb Guardian
 12270 | D        | Killed an Orb Guardian
 12270 | D        | Killed an Orb Guardian
 12271 | D        | Noticed an Orb Guardian
 12272 | D        | Killed an Orb Guardian
 12273 | D        | Killed an Orb Guardian
 12273 | D        | Killed an Orb Guardian
 12273 | D        | Killed an Orb Guardian
 12273 | D        | Reached skill level 27 in Dodging
 12277 | D        | Killed an Orb Guardian
 12278 | D        | Noticed an Orb Guardian
 12279 | D        | Noticed an Orb Guardian
 12286 | D        | Killed an Orb Guardian
 12291 | D        | Killed an Orb Guardian
 12370 | D        | Noticed an Orb Guardian
 12370 | D        | Noticed an Orb Guardian
 12370 | D        | Noticed a golden dragon
 12370 | D        | Noticed a tentacled monstrosity
 12373 | D        | Killed an Orb Guardian
 12373 | D        | Killed an Orb Guardian
 12374 | D        | Noticed an Orb Guardian
 12375 | D        | Killed a tentacled monstrosity
 12378 | D        | Killed an Orb Guardian
 12379 | D        | Killed a golden dragon
 12380 | D        | Noticed an Orb Guardian
 12383 | D        | Killed an Orb Guardian
 12406 | D        | Noticed an ancient lich
 12415 | D        | Killed an ancient lich
 12415 | D        | Reached XP level 19. HP: 207/207 MP: 32/32
 12418 | D        | Noticed an orb of fire
 12439 | D        | Killed an orb of fire
 12566 | D        | Noticed an electric golem
 12572 | D        | Killed an electric golem
 12676 | D        | Noticed a Killer Klown
 12676 | D        | Noticed an ancient lich
 12680 | D        | Noticed an orb of fire
 12683 | D        | Killed an ancient lich
 12684 | D        | Killed a Killer Klown
 12685 | D        | Was placed under penance by the Shining One
 12689 | D        | Noticed an electric golem
 12689 | D        | Killed an orb of fire
 12695 | D        | Noticed an ancient lich
 12695 | D        | Was forgiven by the Shining One
 12697 | D        | Killed an electric golem
 12702 | D        | Killed an ancient lich
 12706 | D        | Noticed an electric golem
 12711 | D        | Killed an electric golem
 13022 | D        | Reached XP level 20. HP: 216/216 MP: 35/35
 13026 | D        | Noticed an ancient lich
 13045 | D        | Killed an ancient lich
 13256 | D        | Reached skill level 27 in Invocations
 13263 | D        | Reached skill level 27 in Throwing
 13318 | D        | Got an elven rune of Zot
 13343 | D        | Reached skill level 27 in Evocations
 13343 | D        | Reached skill level 1 in Stealth
 13343 | D        | Reached skill level 1 in Spellcasting
 13345 | D        | Reached skill level 5 in Unarmed Combat
 13345 | D        | Reached skill level 5 in Stealth
 13347 | D        | Reached skill level 5 in Spellcasting
 13425 | D        | Noticed the Royal Jelly
 13437 | D        | Reached skill level 10 in Unarmed Combat
 13459 | D        | Killed the Royal Jelly
 13459 | D        | Reached skill level 10 in Stealth
 13705 | D        | Got a slimy rune of Zot
 13922 | D        | Reached skill level 10 in Spellcasting
 13922 | D        | Reached skill level 15 in Unarmed Combat
 13932 | D        | Reached XP level 21. HP: 158/224 MP: 37/37
 14079 | D        | Reached skill level 15 in Stealth
 14108 | D        | Noticed a greater mummy
 14112 | D        | Killed a greater mummy
 14248 | D        | Noticed a greater mummy
 14248 | D        | Noticed a greater mummy
 14248 | D        | Noticed a greater mummy
 14256 | D        | Killed a greater mummy
 14299 | D        | Noticed a greater mummy
 14299 | D        | Killed a greater mummy
 14314 | D        | Killed a greater mummy
 14319 | D        | Noticed a greater mummy
 14329 | D        | Killed a greater mummy
 14330 | D        | Noticed a greater mummy
 14331 | D        | Killed a greater mummy
 14419 | D        | Killed a greater mummy
 14419 | D        | Reached skill level 15 in Spellcasting
 14694 | D        | Got a golden rune of Zot
 14726 | D        | Got an abyssal rune of Zot
 14857 | D        | Noticed Geryon
 14878 | D        | Killed Geryon
 14881 | D        | Noticed Lom Lobon
 14881 | D        | Noticed Mnoleg
 14882 | D        | Noticed Dispater
 14998 | D        | HP: 6/224 [Lom Lobon/great icy blast (56)]
 14999 | D        | Killed from afar by Lom Lobon

Skill      XL: |  1  2  3  4  5  6  7  8  9 10 11 12 13 14 15 16 17 18 19 20 21 |
---------------+----------------------------------------------------------------+-----
Armour         | 4 6 8 9 11 12 13 15 16 18 20 22 24 26 27 | 27.0
Fighting       | 4 6 7 8 9 11 12 13 15 16 18 20 22 24 26 27 | 27.0
Dodging        | 1 4 5 6 7 8 9 11 12 13 15 16 18 20 22 24 27 | 27.0
Shields        | 4 5 6 8 9 11 12 13 15 16 18 20 22 24 26 27 | 27.0
Maces & Flails | 3 5 6 7 9 10 12 13 15 16 18 20 22 24 26 27 | 27.0
Invocations    | 2 3 5 6 7 8 9 10 12 13 15 16 21 25 27 | 27.0
Throwing       | 3 5 7 9 10 12 14 15 20 25 27 | 27.0
Evocations     | 3 4 6 8 9 11 13 14 19 23 27 | 27.0
Stealth        | 14 19 | 19.3
Unarmed Combat | 16 22 | 22.2
Spellcasting   | 11 15 | 15.5

Action                   |  1- 3 |  4- 6 |  7- 9 | 10-12 | 13-15 | 16-18 | 19-21 || total
-------------------------+-------+-------+-------+-------+-------+-------+-------++-------
Melee: Flail             |    18 |     4 |       |       |       |       |       ||    22
       Headbutt          |     4 |     5 |    19 |    98 |    90 |    65 |   132 ||   413
       Morningstar       |       |    17 |    84 |   386 |   394 |   179 |   413 ||  1473
       Bite              |       |       |       |       |     3 |    41 |    67 ||   111
Throw: Javelin           |       |       |       |     5 |   147 |   249 |   173 ||   574
       Tomahawk          |       |       |       |       |       |    29 |     6 ||    35
       Throwing net      |       |       |       |       |       |     2 |     1 ||     3
Invok: Heroism           |       |     1 |     3 |    12 |    15 |     5 |       ||    36
       Finesse           |       |       |       |     9 |    15 |     5 |       ||    29
       Divine Shield     |       |       |       |       |       |     6 |    16 ||    22
       Cleansing Flame   |       |       |       |       |       |     2 |    12 ||    14
       Summon Divine War |       |       |       |       |       |       |     2 ||     2
  Use: Potion            |     1 |       |       |     5 |     4 |     1 |    13 ||    24
       Scroll            |       |       |       |       |       |     5 |     5 ||    10
  Eat: Chunk             |       |       |     1 |    12 |    27 |     4 |     5 ||    49
       Bread ration      |       |       |       |     2 |       |     1 |       ||     3
       Fruit             |       |       |       |       |    11 |    15 |    11 ||    37
Armor: Scale mail        |     4 |       |       |       |       |       |       ||     4
       Plate armour      |       |     9 |    23 |    52 |    50 |     7 |       ||   141
       Gold dragon armou |       |       |       |       |       |    26 |    93 ||   119
Dodge: Dodged            |     5 |     7 |     9 |    63 |    52 |    38 |    73 ||   247
Block: Shield            |    10 |     9 |    34 |   147 |       |       |       ||   200
       Large shield      |       |       |       |       |   235 |   269 |   551 ||  1055
       Reflection        |       |       |       |       |       |     3 |    43 ||    46
